 Dungeon Sprint DCSS version 0.26-a0-859-gf57989e088 (webtiles) character file.

Game seed: 2762934301496673886

2440 Conn the Arsonist (level 9, -3/57 HPs)
             Began as an Octopode Fire Elementalist on Nov 25, 2020.
             Was an Initiate of Vehumet.
             Slain by a skeletal warrior
             ... wielding a cursed -2 glaive
              (21 damage)
             ... in the Dungeon (Sprint II: "The Violet Keep of Menkaure").
             The game lasted 00:12:22 (982 turns).

Conn the Arsonist (Octopode Fire Elementalist)       Turns: 982, Time: 00:12:23

Health: -3/57      AC:  1    Str:  7    XL:     9   Next: 49%
Magic:  22/22      EV: 16    Int: 21    God:    Vehumet [......]
Gold:   92         SH:  0    Dex: 12    Spells: 0/27 levels left

rFire    . . .     SeeInvis .     - Unarmed
rCold    . . .     Faith    .   (no shield)
rNeg     . . .     Spirit   .   (helmet restricted)
rPois    .         Reflect  .   (no amulet)
rElec    .         Harm     .   (no ring)
rCorr    .         Rampage  .   (no ring)
MR       .....     NoTele   +   (no ring)
Stlth    +++++.....             (no ring)
HPRegen  0.19/turn              (no ring)
MPRegen  0.18/turn              (no ring)
                                (no ring)
                                (no ring)

@: no status effects
A: almost no armour, stealthy swim, amphibious, 8 rings, constrict 8, camouflage
1, gelatinous body 1
a: Renounce Religion


You were in the Dungeon.
You worshipped Vehumet.
Vehumet was noncommittal.
You visited 1 branch You collected 1067 gold pieces.
You spent 975 gold pieces at shops.

Inventory:

Wands
 b - a wand of paralysis (11)
Potions
 c - 2 potions of heal wounds


   Skills:
 + Level 3.5 Fighting
 + Level 6.1 Dodging
 + Level 7.1 Stealth
 - Level 8.2 Unarmed Combat
 * Level 9.9 Spellcasting
 * Level 9.1 Conjurations
 + Level 11.6 Fire Magic
 + Level 0.5 Poison Magic


You couldn't memorise any spells.
You knew the following spells:

 Your Spells              Type           Power        Failure   Level
a - Foxfire               Conj/Fire      ####         1%          1
b - Conjure Flame         Conj/Fire      ######..     1%          3
c - Inner Flame           Hex/Fire       ####....     1%          3
d - Sticky Flame          Conj/Fire      ######..     1%          4
e - Fireball              Conj/Fire      ######....   2%          5
f - Searing Ray           Conj           #####.       1%          2
g - Iskenderun's Mystic   Conj/Tloc      ####....     10%         4
h - Mephitic Cloud        Conj/Pois/Air  ###.....     5%          3
i - Blink                 Tloc           N/A          10%         2

Your spell library contained the following spells:

 Spells                   Type           Power        Failure   Level
 Magic Dart               Conj           ####         1%          1
 Dazzling Flash           Conj/Hex       ####..       3%          3
 Call Imp                 Summ           ##......     10%         2
 Slow                     Hex            ##......     10%         2
 Fulminant Prism          Conj/Hex       ####......   10%         4


Dungeon Overview and Level Annotations

Branches:
Dungeon (1/1)

Altars:
Cheibriados
Dithmenos
Elyvilon
Fedhas
Gozag
Hepliaklqana
Kikubaaqudgha
Makhleb
Nemelex Xobeh
Okawaru
Qazlal
Ru
Sif Muna
Trog
Uskayaw
Vehumet
Wu Jian
Xom
Yredelemnul
Zin
The Shining One
Beogh
Jiyva
Lugonu

Shops:
D :[}:=(!:![?=}:(

Annotations:
D exclusion: oklob plant, Kirke, Roxanne


Innate Abilities, Weirdness & Mutations

You cannot wear most types of armour.
You are very stealthy in the water. (Stealth+)
You are amphibious.
You can wear up to eight rings at the same time.
You can use your tentacles to constrict eight enemies at once.
Your skin changes colour to match your surroundings (Stealth+).
Your rubbery body absorbs attacks. (AC +1, EV +1)


Message History

Casting: Fireball (dangerous; 3% risk of failure)
Confirm with . or Enter, or press ? or * to list all spells.
Press: ? - help, Shift-Dir - straight line, f - skeletal warrior
Aim: a skeletal warrior, wielding a -2 glaive (noxious fumes, lightly damaged)
The fireball explodes!
The fireball engulfs the skeletal warrior!
The skeletal warrior is moderately damaged.
The fireball engulfs the kobold demonologist!!
You kill the kobold demonologist!
Vehumet accepts your kill.
You hear a splash. x2; You hear a shout!
The yaktaur captain is engulfed in noxious fumes.
Your Conjurations skill increases to level 9!
Unknown command.
Casting: Fireball (dangerous; 2% risk of failure)
Confirm with . or Enter, or press ? or * to list all spells.
You don't have enough magic to cast that spell.
Magic courses through your body.
The skeletal warrior hits you from afar with a cursed -2 glaive!!
You die...

. # ○° .@#### ○.. .○≈## .°
############≈°#+++#+++#
###########§§c.........
##....∩.∩.#°§z§.##+##.. #
##...∩.∩..#§§§§##...##.#### +
##..∩.∩...#≈≈@≈#..#..# ...#
##.⌠.∩....#≈≈####.).####..##
##..∩.∩...#≈##.###'###.##..#
##...∩.∩..#≈#...##.##.#.#..#
##....∩.∩.'≈'.##'.<.'###'..###
##.......∩#≈#...##.##.#.#....#
#▓▓▓▓▓▓▓###≈##.###'###.##.....
##?.{######≈≈#####.#####≈≈....
#$$.#! ##≈≈≈#..#..#≈≈≈≈≈≈≈.


You could see a yaktaur captain and a skeletal warrior.

Vanquished Creatures
  A merfolk siren (D)
  A kobold demonologist (D)
  A yaktaur (D)
  2 polar bears (D)
  A hornet (D)
  2 wyverns (D)
  Menkaure (D)
  A vampire mosquito (D)
  4 necrophages (D)
  4 worker ants (D)
18 creatures vanquished.

Vanquished Creatures (others)
  A water moccasin (D)
  29 foxfires (D)
30 creatures vanquished.

Grand Total: 48 creatures vanquished

Notes
Turn   | Place    | Note
-------+----------+-------------------------------------------
     0 | D        | Conn the Octopode Fire Elementalist began the quest for the
                  | Orb.
     0 | D        | Reached XP level 1. HP: 11/11 MP: 3/3
     1 | D        | Noticed a necrophage
     1 | D        | Noticed a necrophage
     1 | D        | Noticed a necrophage
     1 | D        | Noticed a necrophage
     7 | D        | Killed a necrophage
     8 | D        | Reached skill level 5 in Fire Magic
     8 | D        | Reached XP level 2. HP: 17/17 MP: 4/7
     8 | D        | Reached XP level 3. HP: 21/21 MP: 4/8
     8 | D        | Reached XP level 4. HP: 27/27 MP: 5/10
    11 | D        | Killed a necrophage
    12 | D        | Reached skill level 6 in Fire Magic
    12 | D        | Reached XP level 5. HP: 32/32 MP: 6/12
    16 | D        | Killed a necrophage
    17 | D        | Reached skill level 5 in Spellcasting
    17 | D        | Reached skill level 7 in Fire Magic
    17 | D        | Reached XP level 6. HP: 29/36 MP: 6/14
    20 | D        | Killed a necrophage
    21 | D        | Reached skill level 5 in Stealth
    21 | D        | Reached skill level 5 in Unarmed Combat
    21 | D        | Reached skill level 5 in Conjurations
    21 | D        | Reached skill level 8 in Fire Magic
    34 | D        | Learned a level 3 spell: Conjure Flame
    38 | D        | Learned a level 3 spell: Inner Flame
    43 | D        | Learned a level 4 spell: Sticky Flame
    49 | D        | Learned a level 5 spell: Fireball
    87 | D        | Reached skill level 1 in Fighting
   106 | D        | Reached XP level 7. HP: 3/41 MP: 2/16
   206 | D        | Noticed Roxanne
   210 | D        | Found Mekhimim's Antique Weapon Shop.
   211 | D        | Found Ycwetreu's Book Boutique.
   212 | D        | Found Ezummape's Jewellery Shop.
   213 | D        | Found Febraad's Antique Armour Shop.
   213 | D        | Found Boklamuch's Distillery.
   214 | D        | Noticed a vampire mosquito
   215 | D        | Found Xaatz's Antique Weapon Boutique.
   215 | D        | Found Oxtigur's Jewellery Shop.
   215 | D        | Found Qoasmagg's Book Shop.
   216 | D        | Found Hyesit's Gadget Shop.
   216 | D        | Found Unoggao's Antique Armour Boutique.
   216 | D        | Found Jekhapnu's Magic Scroll Shop.
   216 | D        | Found Umy Nax's Book Boutique.
   216 | D        | Noticed a manticore
   217 | D        | Found Tucvup's Gadget Shop.
   217 | D        | Found Lufetrix's Distillery.
   219 | D        | Noticed a manticore
   224 | D        | Noticed Menkaure
   224 | D        | Killed a vampire mosquito
   225 | D        | Reached skill level 9 in Fire Magic
   226 | D        | Noticed a manticore
   226 | D        | Noticed an oklob plant
   232 | D        | Killed Menkaure
   233 | D        | Reached skill level 5 in Dodging
   234 | D        | Found Viefuloo's Book Shoppe.
   237 | D        | Bought a book of Conjurations for 420 gold pieces
   240 | D        | Learned a level 2 spell: Searing Ray
   249 | D        | Bought a scroll of fear for 42 gold pieces
   466 | D        | Noticed a wyvern
   466 | D        | Noticed a wyvern
   470 | D        | Killed a wyvern
   471 | D        | Reached skill level 10 in Fire Magic
   472 | D        | Killed a wyvern
   473 | D        | Reached XP level 8. HP: 33/50 MP: 4/19
   489 | D        | Learned a level 4 spell: Iskenderun's Mystic Blast
   562 | D        | Noticed a merfolk siren
   569 | D        | Killed a merfolk siren
   599 | D        | Bought a book of Minor Magic for 240 gold pieces
   604 | D        | Bought a wand of paralysis (11) for 143 gold pieces
   608 | D        | Bought a potion of heal wounds for 65 gold pieces
   608 | D        | Bought a potion of heal wounds for 65 gold pieces
   678 | D        | Found a stormy altar of Qazlal.
   678 | D        | Found an ornate altar of the Wu Jian Council.
   679 | D        | Found a hazy altar of Hepliaklqana.
   679 | D        | Found a sacrificial altar of Ru.
   680 | D        | Found a roughly hewn altar of Beogh.
   680 | D        | Found a viscous altar of Jiyva.
   680 | D        | Found a shimmering blue altar of Sif Muna.
   681 | D        | Found a snail-covered altar of Cheibriados.
   681 | D        | Found an ancient bone altar of Kikubaaqudgha.
   681 | D        | Found a shimmering altar of Xom.
   681 | D        | Found a bloodstained altar of Trog.
   682 | D        | Found a shadowy altar of Dithmenos.
   682 | D        | Found a corrupted altar of Lugonu.
   683 | D        | Found a white marble altar of Elyvilon.
   683 | D        | Found a burning altar of Makhleb.
   684 | D        | Found a blossoming altar of Fedhas.
   686 | D        | Found an opulent altar of Gozag.
   686 | D        | Found a glowing golden altar of the Shining One.
   686 | D        | Found a basalt altar of Yredelemnul.
   686 | D        | Found a hide-covered altar of Uskayaw.
   686 | D        | Found a sparkling altar of Nemelex Xobeh.
   686 | D        | Noticed a hornet
   686 | D        | Noticed a polar bear
   686 | D        | Noticed a polar bear
   687 | D        | Found a glowing silver altar of Zin.
   687 | D        | Found a radiant altar of Vehumet.
   687 | D        | Found an iron altar of Okawaru.
   687 | D        | Noticed a yaktaur
   687 | D        | Noticed a polar bear
   694 | D        | Noticed a flying skull
   694 | D        | Noticed a flying skull
   696 | D        | Killed a polar bear
   697 | D        | Reached skill level 11 in Fire Magic
   698 | D        | Killed a polar bear
   699 | D        | Reached XP level 9. HP: 25/55 MP: 16/21
   703 | D        | Killed a yaktaur
   703 | D        | Killed a hornet
   708 | D        | Became a worshipper of Vehumet
   968 | D        | Learned a level 3 spell: Mephitic Cloud
   971 | D        | Learned a level 2 spell: Blink
   974 | D        | Noticed a centaur warrior
   974 | D        | Noticed Kirke
   974 | D        | Noticed a kobold demonologist
   974 | D        | Noticed a skeletal warrior
   976 | D        | Noticed a yaktaur captain
   981 | D        | Killed a kobold demonologist
   982 | D        | Slain by a skeletal warrior

Illustrated notes

Levels and vault maps discovered:
D:        the_violet_keep_of_menkaure [sprint2_stairs_cluster_1,
          sprint2_shoproom, sprint2_temple, sprint2_basic_supplies,
          sprint2_obstacle_6, sprint2_obstacle_1, sprint2_obstacle_2,
          sprint2_obstacle_3, sprint2_obstacle_7, sprint2_timed_cluster_1,
          sprint2_smallroom_cluster_1, sprint2_smallroom_final_cluster_1,
          sprint2_transparent_cluster_1, sprint2_second_timed_cluster_1,
          sprint2_sniper_area_1, sprint2_heavy_combat_area_1,
          sprint2_mutation_trap_area_1, sprint2_forest_area_1,
          sprint2_light_combat_area_1, sprint2_behind_water_1,
          sprint2_near_end_vault_1]

Skill      XL: |  1  2  3  4  5  6  7  8  9 |
---------------+----------------------------+-----
Dodging        | 3 4 5 6 |  6.1
Stealth        | 4 5 6 7 |  7.1
Unarmed Combat | 3 4 5 6 7 8 |  8.2
Spellcasting   | 4 5 6 7 8 9 |  9.9
Conjurations   | 3 4 5 6 7 9 |  9.1
Fire Magic     | 5 6 7 8 10 11 | 11.6
Fighting       | 1 2 3 |  3.5
Poison Magic   | |  0.5

Action                   |  1- 3 |  4- 6 |  7- 9 || total
-------------------------+-------+-------+-------++-------
Melee: Unarmed           |     4 |    11 |       ||    15
       Tentacles         |     2 |       |       ||     2
       Constrict         |     1 |     3 |       ||     4
       Punch             |       |     1 |       ||     1
 Cast: Foxfire           |       |    13 |     4 ||    17
       Conjure Flame     |       |     1 |       ||     1
       Sticky Flame      |       |       |     2 ||     2
       Fireball          |       |       |    11 ||    11
       Searing Ray       |       |       |     5 ||     5
       Mephitic Cloud    |       |       |     3 ||     3
  Use: Potion            |     2 |       |     4 ||     6
       Scroll            |       |       |     2 ||     2
Armor: Skin              |       |       |     1 ||     1
Dodge: Dodged            |     1 |     7 |    19 ||    27

Table legend: (Time is in decaauts)
 A = Elapsed time spent in this place.
 B = Non-inter-level travel time spent in this place.
 C = Inter-level travel time spent in this place.
 D = Time resting spent in this place.
 E = Time spent auto-exploring this place.
 F = Levels seen in this place.
 G = Mean time per level.
                   A        B        C        D        E       F      G
               +--------+--------+--------+--------+--------+-----+--------+
         Total |    982 |    982 |      0 |    609 |      0 |   1 |  982.0 |
       Dungeon |    982 |    982 |      0 |    609 |      0 |   1 |  982.0 |
               +--------+--------+--------+--------+--------+-----+--------+

Top non-repeatable levels by time:
       D: 982 daAuts
